 Dungeon Crawl Stone Soup version 0.16-a0-3667-g690a316 (webtiles) character file.

119 dixiedixie the Ruffian (level 4, 0/35 HPs)
             Began as a Bearkin Monk on Jan 22, 2015.
             Slain by a hobgoblin (5 damage)
             ... led by Robin
             ... on level 3 of the Dungeon.
             The game lasted 00:04:17 (1731 turns).

dixiedixie the Ruffian (Bearkin Monk)               Turns: 1731, Time: 00:04:17

Health: 0/35       AC:  3    Str: 15    XL:     4   Next: 73%
Magic:  4/4        EV: 12    Int: 10    God:
Gold:   113        SH:  0    Dex: 13    Spells: 0 memorised, 3 levels left

rFire  . . .     SeeInvis .       - Unarmed
rCold  + . .     Clarity  .     u - +0 robe {rC+}
rNeg   . . .     SustAb   .     (no shield)
rPois  +         Gourm    +     (no helmet)
rElec  .         Spirit   .     (no cloak)
rCorr  .         Warding  .     (no gloves)
rMut   .         Stasis   .     (no boots)
MR     .....                    h - amulet of the gourmand
Stlth  ++........               (no ring)
                                o - ring of poison resistance

@: not resistant to hostile enchantments, unstealthy
A: claws 1, shaggy fur 1, hind claws 2, cornered berserk
a: Cornered Berserk


You were on level 3 of the Dungeon.
You were not hungry.

You visited 1 branch of the dungeon, and saw 3 of its levels.

You collected 113 gold pieces.

Inventory:

Missiles
 i - 39 arrows
 m - 63 stones (quivered)
 w - 5 javelins
Armour
 a - a +0 robe
 c - a +0 leather armour
 u - a +0 robe of cold resistance (worn)
Jewellery
 h - an amulet of the gourmand (around neck)
 o - a ring of poison resistance (left claw)
Magical devices
 r - a wand of random effects (35)
Scrolls
 e - 4 scrolls of remove curse
 p - 3 scrolls of identify
 x - a scroll of teleportation {unknown}
Potions
 k - 2 potions of haste
 l - a potion of invisibility {unknown}
 n - a potion of cancellation {unknown}
 q - a potion of lignification {unknown}
 s - a potion of mutation {unknown}
 t - a potion of beneficial mutation {unknown}
 z - a potion of ambrosia {unknown}
Comestibles
 b - 2 bread rations
 d - 2 fruits
 f - a beef jerky
 g - 2 meat rations
 j - a slice of pizza
 v - 5 chunks of flesh


   Skills:
 - Level 3.0 Fighting
 - Level 2.4 Dodging
 - Level 1.5 Stealth
 + Level 6.1 Unarmed Combat


You had 3 spell levels left.
You didn't know any spells.

Dungeon Overview and Level Annotations

Branches:
Dungeon (3/15)

Altars:


Innate Abilities, Weirdness & Mutations

You have sharp fingernails.
You are covered in fur (AC +1).
Your hind legs have sharp claws.
You can berserk when greatly wounded.


Message History

You claw Robin! You claw Robin, but do no damage.
Robin is heavily wounded.
The hobgoblin hits you. Robin hits you with a mace!
* * * LOW HITPOINT WARNING * * *
The goblin closely misses you. The goblin hits you but does no damage.
You scratch Robin.
Robin is severely wounded.
The hobgoblin closely misses you.
Robin roars a battlecry!
The goblins go into a battle-frenzy!
Robin hits you but does no damage.
You scratch Robin.
You kill Robin!
The goblin hits you but does no damage. The goblin hits you with a club.
* * * LOW HITPOINT WARNING * * *
The hobgoblin barely misses you.
You scratch the goblin but do no damage.
You claw the goblin, but do no damage. The goblin closely misses you.
The goblin misses you. The hobgoblin hits you.
You die...

## #. #. ##.##
####...#
.....#g# #
#..g##.###
#g@g...#
#g##g#.# #g...#
#.#### #.####.#
### .. #......#
#..
.....###.######
#.#
............#
#.#
#####.##.##.#


You could see a hobgoblin (frenzied) and 6 goblins.

Vanquished Creatures
  Jessica (D:2)
  Robin (D:3)
  3 adders (D:2)
  A worm (D:2)
  2 giant mites
  3 giant geckos
  3 ball pythons (D:1)
  8 goblins
  3 hobgoblins
  8 bats
  2 giant cockroaches
  A giant newt (D:1)
  6 kobolds
  6 rats
48 creatures vanquished.

Notes
Turn   | Place    | Note
--------------------------------------------------------------
     0 | D:1      | dixiedixie, the Bearkin Monk, began the quest for the Orb.
     0 | D:1      | Reached XP level 1. HP: 18/18 MP: 1/1
   107 | D:1      | Reached XP level 2. HP: 20/24 MP: 2/2
   456 | D:1      | Reached skill level 5 in Unarmed Combat
   481 | D:1      | Reached XP level 3. HP: 20/29 MP: 3/3
   942 | D:2      | Noticed Jessica
   954 | D:2      | Killed Jessica
   954 | D:2      | Gained mutation: Your hind legs have sharp claws. [bearkin transformation]
   954 | D:2      | Reached XP level 4. HP: 12/35 MP: 4/4
  1720 | D:3      | Reached skill level 6 in Unarmed Combat
  1723 | D:3      | Noticed Robin
  1730 | D:3      | Killed Robin
  1731 | D:3      | Slain by a hobgoblin

Action                   |  1- 3 |  4- 6 || total
-------------------------+-------+-------++-------
Melee: Unarmed           |   100 |    41 ||   141
Throw: Stone             |     3 |       ||     3
 Abil: Cornered Berserk  |     1 |       ||     1
  Use: Scroll            |     2 |       ||     2
 Stab: Sleeping          |     1 |     1 ||     2
  Eat: Chunk             |       |     3 ||     3
